Map: Deathaura LE

Players

Massa - Winner!

  • Race: Terran Terran
  • League: Platinum
  • Spawn Location: 5:00

TTToooMMM

  • Race: Terran Terran
  • League: Platinum
  • Spawn Location: 11:00

VOD

Have the link to the VOD?

Description

Time

  • Played on: Oct. 9, 2020, 11:42 a.m.
  • Length: 26:49
Show
View Real Time Build Order
Export as new Build Order

Massa Terran - Winner!

Build Orders:  

Get SALT Encoding   

  12  0:00  SCV  
  13  0:12  SCV  
  14  0:17  Supply Depot  
  14  0:24  SCV  
  15  0:39  SCV  
  15  0:42  Barracks  
  16  0:50  Refinery  
  16  0:51  SCV  
  17  1:03  SCV  
  18  1:15  SCV  
  19  1:29  Orbital Command  
  19  1:30  Marine  
  20  1:44  Command Center  
  20  1:56  SCV  
  20  1:58  Reaper  
  22  2:06  Bunker  
  22  2:08  SCV  
  23  2:17  Factory  
  23  2:26  Supply Depot  
  23  2:34  Engineering Bay  
  23  2:48  SCV, Marine  
  25  3:00  SCV  
  25  3:02  Bunker  
  26  3:07  Factory Reactor  
  26  3:24  Missile Turret  
  25  3:27  Missile Turret  
  25  3:31  Barracks  
  25  3:33  Barracks  
  25  3:37  Barracks Reactor  
  25  3:41  SCV  
  26  3:42  SCV  
  26  3:46  Missile Turret  
  27  3:50  Missile Turret  
  27  3:52  Missile Turret  
  27  3:53  SCV  
  27  3:54  SCV  
  29  3:56  Widow Mine  
  29  3:59  Widow Mine  
  33  4:06  SCV  
  33  4:07  Orbital Command  
  34  4:15  Starport  
  34  4:19  Missile Turret  
  34  4:21  Marine  
  34  4:22  Barracks Reactor  
  35  4:28  Marine  
  35  4:31  Widow Mine x2  
  40  4:32  Marine  
  40  4:34  SCV  
  41  4:39  Marine  
  42  4:46  Marine  
  42  4:49  Marine  
  44  4:57  Marine  
  44  4:59  Factory Tech Lab  
  45  5:17  Supply Depot  
  45  5:19  Missile Turret  
  45  5:21  Missile Turret  
  45  5:24  Medivac, Missile Turret  
  44  5:42  Missile Turret  
  44  5:46  Missile Turret  
  44  5:47  Marine x4  
  44  5:48  Marine x2  
  50  5:54  Medivac  
  50  5:56  Missile Turret  
  52  5:57  SCV  
  52  5:58  SCV  
  54  6:07  Refinery  
  54  6:14  Barracks  
  54  6:42  Supply Depot  
  54  6:44  Supply Depot x2  
  54  7:03  Barracks Tech Lab  
  54  7:04  SCV, Marine x4, Siege Tank  
  54  7:05  SCV, Marine x2, Medivac, Supply Depot  
  54  7:06  Command Center  
  54  7:08  Supply Depot  
  67  7:10  Supply Depot  
  67  7:16  SCV  
  67  7:17  SCV  
  67  7:21  Marine x4  
  73  7:23  Marine x2  
  73  7:28  SCV  
  73  7:29  SCV  
  72  7:39  Marine  
  64  7:49  Refinery  
  64  7:50  Marauder, Marine  
  67  7:51  Refinery, Marine x4  
  67  7:52  Stimpack  
  67  7:57  SCV, Marine  
  67  7:58  SCV  
  74  8:08  Marine  
  74  8:09  SCV, Marine x2  
  74  8:10  SCV  
  74  8:12  Marauder  
  81  8:14  Siege Tank  
  84  8:21  SCV  
  84  8:22  SCV  
  84  8:24  Missile Turret  
  86  8:28  Missile Turret x2  
  86  8:33  Orbital Command, Marauder  
  86  8:34  SCV x2  
  90  8:43  Terran Infantry Weapons Level 1  
  90  8:46  SCV x2, Engineering Bay  
  90  8:47  Missile Turret  
  92  8:50  Armory  
  92  8:54  Marauder  
  94  8:58  SCV x2  
  96  9:09  SCV  
  97  9:10  SCV x2  
  97  9:16  Marauder  
  101  9:21  SCV  
  101  9:22  SCV  
  101  9:23  SCV  
  104  9:25  Marine  
  104  9:26  Marine x2  
  104  9:28  Siege Tank  
  104  9:30  Command Center  
  110  9:32  Terran Infantry Armor Level 1, Combat Shield  
  110  9:37  Marauder  
  94  9:59  Marauder  
  96  10:06  Missile Turret  
  94  10:08  Refinery  
  94  10:09  Refinery  
  94  10:10  SCV  
  94  10:11  SCV x2  
  97  10:21  Terran Vehicle Weapons Level 1  
  97  10:22  SCV  
  97  10:23  SCV x2  
  97  10:27  Armory  
  100  10:29  Missile Turret  
  100  10:34  SCV  
  100  10:35  SCV x2  
  103  10:37  Marauder  
  103  10:38  Marine x6  
  111  10:43  Terran Infantry Weapons Level 2  
  111  10:46  SCV, Starport Reactor  
  111  10:47  SCV x2  
  114  10:50  Concussive Shells  
  114  10:55  Marine  
  114  10:56  Marine x5  
  120  10:59  SCV x3, Marauder  
  120  11:00  Barracks  
  125  11:04  Barracks  
  125  11:06  Smart Servos  
  125  11:11  SCV  
  126  11:13  Marine  
  126  11:14  Marine x5  
  132  11:27  Sensor Tower  
  132  11:32  Supply Depot  
  132  11:33  Supply Depot  
  132  11:34  Supply Depot  
  132  11:35  Supply Depot  
  132  11:37  Supply Depot  
  132  11:43  Supply Depot  
  132  11:44  Supply Depot  
  132  11:45  Missile Turret  
  132  11:47  Missile Turret, Supply Depot x2  
  132  11:49  Supply Depot  
  132  11:54  Marauder, Marine x6  
  140  11:55  Planetary Fortress  
  140  11:57  Missile Turret  
  140  11:58  Supply Depot  
  140  12:00  Missile Turret x2  
  140  12:07  Missile Turret, Supply Depot  
  140  12:09  Supply Depot  
  140  12:12  Supply Depot x3  
  140  12:13  Command Center  
  140  12:14  Supply Depot  
  142  12:16  Marauder  
  142  12:17  SCV x3  
  142  12:20  Missile Turret  
  142  12:21  Missile Turret  
  145  12:24  Missile Turret, Siege Tank  
  145  12:27  Viking  
  145  12:29  SCV x3  
  153  12:31  Viking  
  153  12:34  Terran Vehicle And Ship Armor Level 1  
  157  12:37  Marauder  
  157  12:38  Terran Infantry Armor Level 2  
  157  12:44  Refinery  
  157  12:46  Refinery  
  157  12:56  Siege Tank  
  157  12:57  Barracks Tech Lab  
  160  13:01  Barracks Reactor  
  160  13:04  Marauder, Marine x2  
  164  13:08  Viking x2  
  164  13:12  Terran Vehicle Weapons Level 2  
  168  13:18  Terran Infantry Weapons Level 3  
  168  13:26  Marauder  
  170  13:32  Starport  
  170  13:38  Viking x2  
  174  13:51  Orbital Command  
  174  13:53  Starport  
  174  13:54  Missile Turret  
  174  13:55  Missile Turret  
  174  13:56  Missile Turret  
  174  13:58  SCV x4  
  178  14:04  Marauder x2, Marine  
  178  14:08  Viking, Thor  
  191  14:10  SCV  
  191  14:11  Drilling Claws  
  191  14:14  Viking  
  194  14:17  Missile Turret  
  194  14:18  Missile Turret  
  194  14:20  SCV x3, Missile Turret  
  194  14:21  SCV  
  194  14:22  SCV  
  199  15:09  Command Center  
  199  15:15  Command Center  
  121  15:51  Marauder x2, Marine  
  121  15:52  Marine x7  
  121  15:54  Thor  
  119  16:09  Marine x6  
  119  16:10  Marine x2  
  127  16:12  Marauder  
  127  16:13  Marauder  
  125  16:21  Refinery  
  125  16:23  Refinery  
  125  16:27  Factory, Marine x8  
  125  16:28  Factory, Planetary Fortress  
  125  16:29  Factory  
  125  16:31  Factory  
  133  16:33  Marauder  
  133  16:34  Marauder  
  133  16:37  Unknown, Thor  
  143  16:44  Marine  
  143  16:45  Marine x7  
  151  16:51  Starport Tech Lab  
  151  16:55  Marauder x2  
  151  16:57  Starport Tech Lab  
  151  17:00  Viking x2  
  159  17:03  Terran Vehicle And Ship Armor Level 2, Terran Vehicle Weapons Level 3  
  159  17:04  Unknown  
  159  17:05  Terran Infantry Armor Level 3  
  159  17:12  Planetary Fortress  
  159  17:16  Marauder, Missile Turret  
  159  17:17  Marauder  
  159  17:19  Thor  
  169  17:26  Raven  
  169  17:29  Corvid Reactor  
  171  17:30  Viking x2  
  171  17:35  Missile Turret  
  171  17:36  Raven  
  177  17:42  Factory Tech Lab  
  177  17:43  Factory Tech Lab x3  
  181  17:51  Marauder x2  
  181  17:52  Marine  
  181  17:53  Marine x7  
  181  17:55  Missile Turret  
  189  18:00  Viking x2  
  189  18:02  Thor  
  189  18:03  Supply Depot x3  
  199  18:10  Marine  
  199  18:11  Hi-Sec Auto Tracking  
  200  18:15  Mag-Field Accelerator  
  200  18:18  Missile Turret  
  200  18:26  Supply Depot x2  
  200  18:27  Supply Depot  
  200  18:38  Missile Turret  
  200  18:49  Supply Depot  
  200  18:50  Supply Depot  
  200  18:53  Cloaking Field, Supply Depot  
  200  18:58  Hyperflight Rotors  
  200  19:00  Missile Turret  
  200  19:08  Neosteel Armor  
  200  19:14  Supply Depot  
  200  19:17  Supply Depot  
  200  19:18  Supply Depot  
  200  19:20  Missile Turret, Terran Ship Weapons Level 1  
  177  19:41  Supply Depot  
  177  19:42  Missile Turret  
  177  19:44  Marauder  
  177  19:45  Marauder, Marine x8  
  153  19:47  Thor  
  153  19:48  Thor x4  
  171  19:54  Infernal Pre-Igniter  
  153  20:03  Marine x8  
  153  20:06  Marauder x2  
  149  20:14  Raven x2  
  149  20:16  Viking x2  
  149  20:20  Marine  
  149  20:21  Marine x7  
  158  20:27  Marauder  
  158  20:28  Marauder, Command Center  
  169  20:30  Thor x3  
  169  20:31  Thor x2  
  169  20:33  Command Center  
  199  20:38  Marine  
  199  20:39  Terran Vehicle And Ship Armor Level 3  
  200  21:04  Refinery  
  200  21:05  Refinery  
  200  21:30  Supply Depot  
  200  21:31  Supply Depot  
  200  21:36  Terran Ship Weapons Level 2  
  200  21:47  Orbital Command  
  200  21:49  Orbital Command, Ghost Academy x2  
  200  21:54  Supply Depot  
  200  22:20  Ghost Academy  
  200  22:23  Ghost Academy  
  162  23:01  Thor x5  
  162  23:03  Marauder, Marine  
  162  23:04  Marauder, Marine x7  
  149  23:18  Raven x2  
  141  23:20  Viking x2  
  141  23:21  Marine  
  141  23:22  Marine x7  
  141  23:25  Marauder x2  
  141  23:26  Enhanced Shockwaves, Personal Cloaking  
  157  23:27  Nuke x2  
  156  23:39  Marine  
  156  23:40  Marine x7  
  164  23:44  Thor x5  
  164  23:46  Marauder x2  
  189  23:50  Viking x2  
  191  23:57  Marine x3  
  191  24:01  Raven x2  
  197  24:07  Marauder  
  196  24:20  Viking  
  186  24:24  Marauder  
  186  24:25  Marine x4  
  186  24:26  Thor  
  186  24:27  Thor  
  186  24:29  Marauder  
  179  24:38  Refinery  
  179  24:45  Nuke  
  164  24:46  Marauder  
  164  24:50  Marauder  
  164  24:52  Nuke  
  159  25:01  Marine  
  159  25:02  Marine x7  
  159  25:05  Raven x2  
  167  25:07  Marauder, Viking x2  
  167  25:11  Marauder  
  175  25:19  Marine x2  
  175  25:20  Marine x6  
  181  25:25  Refinery  
  181  25:28  Missile Turret  
  181  25:29  Missile Turret x3  
  181  25:30  Missile Turret  
  185  25:37  Marine x8, Viking x2  
  185  25:40  Ghost  
  197  25:44  Ghost  
  197  25:48  Raven  
  197  25:49  Missile Turret  
  199  25:51  Missile Turret  
  199  25:52  Missile Turret  
  199  25:55  Marine  
  200  26:02  Command Center  
Show
View Real Time Build Order
Export as new Build Order

TTToooMMM Terran 

Build Orders: 1/1/1 

Get SALT Encoding   

  12  0:00  SCV  
  13  0:12  SCV  
  14  0:21  Supply Depot  
  14  0:26  Refinery  
  14  0:36  SCV  
  15  0:44  Barracks  
  15  0:48  SCV  
  16  1:00  SCV  
  16  1:02  Refinery  
  17  1:12  SCV  
  18  1:20  Supply Depot  
  18  1:25  SCV  
  19  1:38  Factory  
  19  1:39  Marine  
  20  1:53  SCV  
  21  1:57  Marine  
  22  2:05  SCV  
  23  2:15  Marine  
  24  2:17  SCV  
  25  2:24  Factory Tech Lab  
  25  2:25  Starport  
  25  2:29  SCV  
  26  2:33  Marine  
  27  2:41  SCV  
  27  2:43  Supply Depot  
  28  2:46  Siege Tank  
  31  2:57  Marine  
  31  3:00  Orbital Command  
  31  3:10  Fusion Core  
  31  3:13  Starport Tech Lab  
  31  3:27  Supply Depot  
  31  3:37  SCV  
  32  3:50  Supply Depot  
  32  3:59  Battlecruiser  
  38  4:28  Command Center  
  38  4:47  SCV  
  39  5:03  Battlecruiser  
  45  5:12  SCV  
  46  5:17  Armory  
  46  5:24  SCV  
  43  5:36  SCV  
  38  5:48  SCV  
  39  5:51  Marine  
  39  5:55  Refinery  
  40  6:04  SCV  
  40  6:05  SCV  
  40  6:08  Marine, Thor  
  49  6:16  SCV, Armory, Terran Vehicle And Ship Armor Level 1  
  49  6:17  SCV  
  51  6:24  Refinery  
  51  6:29  SCV x2  
  53  6:40  Viking  
  53  6:41  SCV x2  
  57  6:53  SCV  
  58  7:03  Thor  
  58  7:04  SCV  
  58  7:05  SCV, Command Center  
  66  7:17  SCV x2  
  53  7:48  SCV x2  
  55  8:00  SCV x2  
  57  8:09  Terran Ship Weapons Level 1  
  57  8:11  Terran Vehicle And Ship Armor Level 2, Armory  
  57  8:12  SCV x2  
  59  8:24  SCV x2  
  61  8:31  Marine  
  62  8:44  Thor  
  62  8:47  SCV x3  
  71  8:59  Refinery, SCV x3  
  71  9:01  Refinery  
  74  9:04  Engineering Bay  
  74  9:11  SCV x3  
  74  9:13  Terran Vehicle Weapons Level 1  
  77  9:23  SCV x3  
  80  9:29  Supply Depot  
  80  9:37  Planetary Fortress  
  68  9:51  Supply Depot  
  68  10:07  Missile Turret  
  68  10:10  Battlecruiser  
  68  10:12  Thor  
  68  10:13  SCV x2  
  68  10:14  SCV  
  83  10:25  SCV x2, Supply Depot  
  83  10:26  SCV  
  86  10:29  Missile Turret  
  86  10:47  Terran Vehicle And Ship Armor Level 3  
  86  10:54  Terran Ship Weapons Level 2, Thor  
  92  11:01  Planetary Fortress  
  92  11:07  SCV x2  
  94  11:16  Supply Depot  
  94  11:37  Thor  
  100  11:53  SCV x3  
  103  12:00  Terran Vehicle Weapons Level 2  
  103  12:04  Command Center  
  103  12:05  SCV x3  
  106  12:14  Neosteel Armor  
  106  12:17  SCV x3  
  109  12:26  Thor  
  109  12:29  SCV  
  116  12:40  SCV, Barracks Tech Lab  
  117  12:49  Supply Depot  
  117  12:53  Supply Depot  
  117  13:11  SCV x3, Supply Depot  
  120  13:15  Battlecruiser  
  120  13:16  Supply Depot  
  126  13:23  SCV x3  
  129  13:30  Terran Ship Weapons Level 3  
  129  13:35  SCV, Supply Depot  
  129  13:36  Planetary Fortress  
  129  13:38  Supply Depot  
  130  13:41  Refinery  
  130  13:42  Refinery  
  130  14:05  Factory  
  130  14:13  SCV x2  
  130  14:14  SCV x2  
  134  14:18  Thor  
  134  14:19  Battlecruiser  
  146  14:25  SCV x2  
  146  14:26  SCV  
  149  14:47  Terran Vehicle Weapons Level 3  
  149  14:50  Factory  
  149  15:13  Factory Tech Lab  
  149  15:14  Thor  
  154  15:23  Battlecruiser  
  106  16:00  Factory  
  106  16:01  Factory  
  94  16:09  SCV  
  95  16:12  Thor x2  
  107  16:28  Battlecruiser  
  113  16:33  Weapon Refit  
  113  16:43  Starport  
  113  16:44  Marine  
  114  16:55  Thor x2  
  126  17:02  Marine  
  127  17:15  Factory Tech Lab x2  
  127  17:20  Marine  
  127  17:22  Command Center  
  128  17:32  Starport Tech Lab, Battlecruiser  
  134  17:37  Marine  
  134  17:38  Thor  
  134  17:39  Thor x2  
  134  17:40  Thor  
  159  17:52  Command Center  
  159  17:55  Marine  
  160  18:12  Battlecruiser  
  166  18:13  Marine  
  167  18:20  Barracks, Thor  
  167  18:22  Barracks, Thor  
  167  18:24  Barracks  
  179  18:31  Marine  
  179  18:34  Thor  
  186  18:36  Battlecruiser  
  186  18:37  Refinery  
  192  18:43  Terran Infantry Armor Level 1  
  192  18:49  Engineering Bay, Marine  
  193  19:06  Marine  
  193  19:09  Refinery  
  194  19:16  Battlecruiser  
  197  19:34  Marine  
  84  20:21  Marine x4  
  86  20:24  Thor x2  
  86  20:25  Command Center, Thor x2  
  86  20:26  Command Center  
  112  20:36  Battlecruiser  
  112  20:38  Marine, Terran Infantry Weapons Level 1  
  112  20:39  Marine x3  
  122  20:54  Battlecruiser  
  122  20:56  Marine x2  
  122  20:57  Marine x2  
  132  21:05  Terran Infantry Armor Level 2  
  132  21:07  Thor x3  
  132  21:08  Thor  
  156  21:14  Marine x3  
  156  21:15  Marine  
  160  21:21  Combat Shield  
  160  21:32  Marine x4  
  163  21:37  Planetary Fortress  
  163  21:39  Planetary Fortress  
  164  21:50  Marine x4, Thor x2  
  180  21:59  Thor  
  186  22:07  Barracks, Marine  
  186  22:08  Barracks x2, Marine  
  188  22:27  Marine  
  188  22:28  Marine x3  
  192  22:31  Thor  
  198  22:45  Marine x2, Command Center  
  131  23:20  Marine x3, Command Center  
  131  23:21  Marine x4  
  131  23:24  Thor x2  
  131  23:25  Thor  
  131  23:26  Thor  
  162  23:31  Battlecruiser  
  168  23:38  Marine x5  
  168  23:39  Marine x2  
  172  23:56  Marine x3  
  172  23:57  Marine x2  
  172  23:58  Marine x2  
  172  24:01  Battlecruiser  
  185  24:07  Thor  
  191  24:13  Marine  
  191  24:14  Marine x2  
  191  24:15  Marine x2  
  114  24:57  Marine x5  
  114  24:58  Marine x2  
  115  25:00  Thor  
  115  25:01  Thor  
  115  25:03  Battlecruiser  
  115  25:06  Thor  
  139  25:15  Marine x6  
  139  25:16  Marine  
  146  25:28  Thor  
  152  25:32  Marine  
  152  25:33  Marine x5  
  158  25:44  Command Center  
  158  25:45  Command Center  
  158  25:48  Unknown  
  158  25:49  Thor  
  164  26:05  Marine x2  
Tags
 
Matchup
TvT
Opening
1/1/1
Race
Terran
Replay Pack
Multiplayer
Spawn Locations
Cross Positions
Add a new tag
Caveats
  • Supply blocks, unpowered buildings, or Contaminate may cause inaccurate times.
  • Supply counts are checked every 10 seconds.